[Event "Chess.com Isle of Man Masters"]
[Site "Villa Marina, Douglas, Isle of Man, United Kingdom"]
[Date "2018.10.22"]
[Round "3.23"]
[White "Shyam, Sundar M."]
[Black "Jones, Gawain C B"]
[Result "1/2-1/2"]
[TimeControl "40 moves in 100 minutes, f.b. 20 moves in 50 minutes f.b. 15 minutes with a 30 second increment from move 0"]
[WhiteElo "2505"]
[BlackElo "2677"]

1. e4 e5 2. Nf3 Nc6 3. Nc3 Nf6 4. Bb5 Bc5 5. O-O O-O 6. Nxe5 Nxe5 7. d4 Bd6 8. f4 Neg4 9. Be2 Bb4 10.
Bxg4 Bxc3 11. bxc3 Nxe4 12. Bf3 d5 13. Bxe4 dxe4 14. f5 Re8 15. Be3 a5 16. c4 Qf6 17. Qe2 b6 18. Rf4 Ba6 19. Raf1 Rad8 20. c3 h6 21. h3 Rd6 22.
Bf2 Qe7 23. Re1 Rc6 24. Qg4 Qd7 25. d5 Rxc4 26. Bd4 Rxd4 27. cxd4 e3 28. Re4 Rxe4 29. Qxe4 e2 30. d6 Bb5 31.
a4 Bxa4 32. dxc7 Qxc7 33. Rxe2 Bb3 34. f6 gxf6 35. Qe3 Bc4 36. Rf2 Qd6 37. Rf4 f5 38. Rxf5 a4 39. Qe8+ Kg7 40. Qxa4 Qxd4+ 41. Kh1 Qc3 42. Qd1 b5 43. Qg4+ Kh8 44. Qf4 Kg7 45. Kh2 Qa1 46. Rh5 Qa6 47. Rh4 Qb6 48. Qe5+ Kg8 49. Rf4 Qc6 50.
Rf6 Qd5 51. Qxd5 Bxd5 52. Rb6 Kg7 53. Rxb5 Ba8 54. Kg3 Kg6 55. Rb6+ f6 56. Rb8 Bd5 57. Kf4 h5 58. Rd8 Bc6 59.
Kg3 Kg7 60. Rc8 Be4 61. Rc4 Ba8 62. Rc7+ Kh6 63. Rc4 Bd5 64. Rb4 Ba8 65. h4 Kg7 66. Rb2 Kg6 67. Kf4 Bc6 68. Rb8 Kf7 69.
g3 Ba4 70. Ke4 Bd1 71. Kd5 Bf3+ 72. Kd6 Bg4 73. Rb7+ Kf8 74. Rh7 Kg8 75. Rc7 Kf8 76. Ra7 Bh3 77. Re7 Bg4 78. Re4 Bh3 79.
Kc7 Kf7 80. Kd8 Bf5 81. Rb4 Bh3 82. Rf4 Be6 83. Kc7 Bh3 84. Kd6 Bc8 85. Rc4 Bh3 86. Rc5 Bg4 87. Ra5 Kf8 88. Kd5 Kf7 89.
Ke4 Kf8 90. Kf4 Kf7 91. Ra8 Bh3 92. Rh8 Bg4 1/2-1/2

[Event "Chess.com Isle of Man Masters"]
[Site "Villa Marina, Douglas, Isle of Man, United Kingdom"]
[Date "2018.10.22"]
[Round "3.24"]
[White "Prithu, Gupta"]
[Black "Adhiban, B."]
[Result "0-1"]
[TimeControl "40 moves in 100 minutes, f.b. 20 moves in 50 minutes f.b. 15 minutes with a 30 second increment from move 0"]
[WhiteElo "2458"]
[BlackElo "2668"]

1. Nf3 c5 2. c4 g6 3. d4 cxd4 4.
Nxd4 Nc6 5. e4 Nf6 6. Nc3 Nxd4 7. Qxd4 d6 8. Be2 Bg7 9. Be3 O-O 10. Qd2 a5 11. f3 a4 12. Rb1 Qa5 13.
Nd5 Nxd5 14. cxd5 Bd7 15. Qxa5 Rxa5 16. Bb6 Raa8 17. Kd2 e6 18. Bc4 Rfc8 19. dxe6 fxe6 20. Rhc1 Kf7 21. b3 Rc6 22.
bxa4 Rxb6 23. Rxb6 Bh6+ 24. Kd1 Bxc1 25. Rxb7 Ke8 26. Kxc1 Rc8 27. Kb2 Rxc4 28. Kb3 Rc1 29. Ra7 d5 30.
exd5 exd5 31. Ra8+ Bc8 32. Ra5 d4 33. Re5+ Kf7 34. Kb2 Rc4 35. a5 Be6 36. a6 Ra4 0-1

[Event "Chess.com Isle of Man Masters"]
[Site "Villa Marina, Douglas, Isle of Man, United Kingdom"]
[Date "2018.10.22"]
[Round "3.25"]
[White "Kovalev, Vladislav"]
[Black "Williams, Simon K"]
[Result "1-0"]
[TimeControl "40 moves in 100 minutes, f.b. 20 moves in 50 minutes f.b. 15 minutes with a 30 second increment from move 0"]
[WhiteElo "2664"]
[BlackElo "2457"]

1. e4 g6 2. d4 Bg7 3. Nc3 d6 4. Be3 a6 5. Nf3 b5 6. a4 b4 7. Nd5 Nc6 8. Qd2 Rb8 9. h3 e6 10. Nf4 b3 11. c3 Nge7 12. d5 exd5 13. Nxd5 O-O 14. Bg5 f6 15. Bh4 Kh8 16. Be2 Nxd5 17. exd5 Ne7 18. Nd4 Nf5 19.
Nxf5 Bxf5 20. O-O a5 21. Bb5 Bd7 22. c4 g5 23. Bg3 f5 24. f4 g4 25. Ra3 c6 26. dxc6 Bxc6 27. hxg4 fxg4 28.
Rxb3 Be4 29. f5 Qb6+ 30. Bf2 Qb7 31. Bd4 Bxf5 32. Re3 Rbd8 33. b3 Bxd4 34. Qxd4+ Qg7 35. Qd2 Qa7 36. Kh2 Rf6 37. Qc3 Qg7 38. Kg1 Rdf8 39.
Rfe1 Be4 40. Rg3 Rf4 41. Rd1 Qxc3 42. Rxc3 R4f6 43. Rd4 Bf5 44. Kh2 Kg7 45. Kg3 Kg6 46. Kh4 Rc8 47. Re3 Rc5 48.
Re7 Kh6 49. Re2 Bc8 50. Red2 Rh5+ 51. Kg3 Re5 52. Rxd6 Be6 53. Bd7 Kg5 54. Rxe6 Rfxe6 55. Bxe6 Re3+ 56. Kf2 Rxe6 57. Rd5+ Kf4 58.
Rd4+ Kf5 59. Rd5+ Kf4 60. Rd4+ Kf5 61. c5 Rc6 62. b4 axb4 63. Rxb4 h5 64. g3 Ke5 65. Ke3 Rc8 66. a5 Rxc5 67. Ra4 Rc3+ 68. Kd2
Rc8 69. a6 Kf5 70. a7 Ra8 71.
Ke3 Kg5 72. Ra5+ Kh6 73. Kf4 Rf8+ 74. Rf5 Rc8 75. Rf6+ Kg7 76. Ra6 1-0

[Event "Chess.com Isle of Man Masters"]
[Site "Villa Marina, Douglas, Isle of Man, United Kingdom"]
[Date "2018.10.22"]
[Round "3.26"]
[White "Bellaiche, Anthony"]
[Black "Short, Nigel D"]
[Result "0-1"]
[TimeControl "40 moves in 100 minutes, f.b. 20 moves in 50 minutes f.b. 15 minutes with a 30 second increment from move 0"]
[WhiteElo "2453"]
[BlackElo "2652"]

1. Nf3 b6 2. e4 Bb7 3. Nc3 e6 4. d4 Bb4 5. Bd3 Nf6 6. Nd2 d6 7.
Ncb1 Bxd2+ 8. Nxd2 e5 9. d5 c6 10. c4 Nbd7 11. Nb3 a5 12. a4 O-O 13. O-O Re8 14.
Bg5 h6 15. Be3 Nc5 16. Nxc5 bxc5 17. Bd2 cxd5 18. exd5 Bc8 19. Ra3 Bg4 20. Qc1 Rb8 21. Bb1 Kf8 22. Rg3 Qd7 23. h3 Bf5 24. Bxf5 Qxf5 25. Bxa5 Ra8 26. Qe1 Nh5 27. Rf3 Nf4 28. Qd2 Qg6 29. Rg3 Qe4 30. b3 Ne2+ 31. Kh2 Nxg3 32. fxg3 Ra6 33. Rf3 Rb8 34. g4 Kg8 35. g5 hxg5 36. Bc7 Rc8 37. Qxg5 Qg6 38. Qh4 f6 0-1

[Event "Chess.com Isle of Man Masters"]
[Site "Villa Marina, Douglas, Isle of Man, United Kingdom"]
[Date "2018.10.22"]
[Round "3.27"]
[White "Paterek, Michal"]
[Black "Parligras, Mircea-Emilian"]
[Result "0-1"]
[TimeControl "40 moves in 100 minutes, f.b. 20 moves in 50 minutes f.b. 15 minutes with a 30 second increment from move 0"]
[WhiteElo "2311"]
[BlackElo "2623"]

1. d4 Nf6 2. c4 e6 3. Nc3 Bb4 4. e3 O-O 5. Nge2 c6 6. a3 Ba5 7. c5 d5 8. cxd6 Qxd6 9. b4 Bc7 10.
Bb2 e5 11. dxe5 Qxe5 12. Ng3 Rd8 13. Qc2 Qg5 14. Bd3 Bg4 15. f4 Qh4 16. O-O Bb6 17. Rae1 Re8 18. Nce4 Nbd7 19. Nxf6+ Nxf6 20.
Bxf6 Qxf6 21. Bxh7+ Kf8 22. Be4 Re7 23. h3 Bd7 24. Kh2 Rae8 25. Rf2 Qh4 26. Qd3 Rxe4 27. Qxd7 Rxe3 28. Rxe3 Rxe3 29.
Rf3 Rxf3 30. gxf3 Qxf4 31. Kg2 Qd4 32. Qc8+ Qd8 33. Qxd8+ Bxd8 34. Nf5 Bc7 35. Kf1 g6 36. Nd4 Ke7 37.
Ke2 Kd6 38. Kd3 Ke5 39. Ne2 b5 40. Nd4 Kd5 41. Ne2 Be5 42. f4 Bb2 43. Kc2 Bg7 44. Kd3 Bf6 45. Ng3 Bb2 46. f5 g5 47.
Ne4 f6 0-1

[Event "Chess.com Isle of Man Masters"]
[Site "Villa Marina, Douglas, Isle of Man, United Kingdom"]
[Date "2018.10.22"]
[Round "3.28"]
[White "Fenil, Shah"]
[Black "Kramnik, Vladimir"]
[Result "0-1"]
[TimeControl "40 moves in 100 minutes, f.b. 20 moves in 50 minutes f.b. 15 minutes with a 30 second increment from move 0"]
[WhiteElo "2411"]
[BlackElo "2779"]

1. d4 Nf6 2. Nf3 g6 3. Nbd2 Bg7 4. e4 d6 5. Bd3 O-O 6. O-O Nc6 7. Re1 e5 8. c3 h6 9. dxe5 Nxe5 10.
Nxe5 dxe5 11. Nf3 Qe7 12. Bc4 b6 13. a4 Bb7 14. Qc2 Rfd8 15. h3 a6 16. b4 Kh7 17. Ba3 Qe8 18. b5 axb5 19.
axb5 Rd7 20. Nd2 Qd8 21. Nf1 Bf8 22. Bxf8 Rxa1 23. Rxa1 Qxf8 24. Ng3 h5 25. Ra7 h4 26. Rxb7 hxg3 27.
Ra7 Qc5 0-1

[Event "Chess.com Isle of Man Masters"]
[Site "Villa Marina, Douglas, Isle of Man, United Kingdom"]
[Date "2018.10.22"]
[Round "3.30"]
[White "Nabaty, Tamir"]
[Black "Soumya, Swaminathan"]
[Result "1/2-1/2"]
[TimeControl "40 moves in 100 minutes, f.b. 20 moves in 50 minutes f.b. 15 minutes with a 30 second increment from move 0"]
[WhiteElo "2692"]
[BlackElo "2423"]

1. e4 c5 2. Nf3 Nc6 3. d4 cxd4 4. Nxd4 Nf6 5. Nc3 d6 6. Bg5 e6 7. Qd3 Qb6 8. O-O-O Qxd4 9. Qxd4 Nxd4 10.
Rxd4 a6 11. Be2 Bd7 12. f4 Bc6 13. Rhd1 Be7 14. Bf3 h6 15. Bxf6 gxf6 16. f5 h5 17. h4 O-O-O 18. Ne2 Kb8 19.
R4d3 Bb5 20. Rc3 Bxe2 21. Bxe2 Rdg8 22. g3 Rc8 23. Rb3 Rc6 24. Rd4 Ka8 25. Rc4 Rc5 26. Rxc5 dxc5 27. Rd3 Rd8 28.
fxe6 Rxd3 29. cxd3 fxe6 30. e5 fxe5 31. Bxh5 e4 32. dxe4 Bd6 33. g4 Bg3 34. g5 Bxh4 35. g6 Bf6 36.
a4 a5 37. Bg4 e5 38. Kc2 b6 39. Kd3 Kb7 40. Kc4 Kc6 41. Be6 Bg7 42. Bf7 Bf6 43. Be8+ Kd6 44. b3 Bg7 45. Kd3 Bf6 46.
Bf7 Bg7 47. Kc4 1/2-1/2

[Event "Chess.com Isle of Man Masters"]
[Site "Villa Marina, Douglas, Isle of Man, United Kingdom"]
[Date "2018.10.22"]
[Round "3.31"]
[White "Howell, David W L"]
[Black "Gaponenko, Inna"]
[Result "1-0"]
[TimeControl "40 moves in 100 minutes, f.b. 20 moves in 50 minutes f.b. 15 minutes with a 30 second increment from move 0"]
[WhiteElo "2689"]
[BlackElo "2409"]

1. Nf3 Nf6 2. c4 g6 3. d4 Bg7 4. g3 O-O 5. Bg2 d6 6. O-O Nc6 7. Nc3 e5 8. dxe5 dxe5 9. Bg5 Be6 10.
Nd2 Qb8 11. Nd5 Bxd5 12. cxd5 Ne7 13. Qb3 c6 14. dxc6 Nxc6 15. e3 Nd7 16. Rac1 a5 17. Rfd1 a4 18. Qd3 Nb6 19. g4 Ra5 20.
Ne4 Rd5 21. Qe2 Rxd1+ 22. Rxd1 f6 23. Bh4 g5 24. Bg3 Rd8 25. h4 h6 26. Rc1 Qc7 27. Nc5 Rd6 28. Qb5 Nd8 29. Kh2 Rd2 30.
h5 Bf8 31. Nb3 Qd7 32. Qxb6 axb3 33. Qxb3+ Kg7 34. Bf3 Ne6 35. Qc3 Nc5 36. b4 Na4 37. Qc4 Nb2 38. Qe4 Kh8 39. b5 Nd3 40. Rf1 Nc5 41. Qg6 Qg7 42. Qf5 Rxa2 43.
Qc8 Rd2 44. Ra1 Qe7 45. Ra8 Kg7 46. b6 Rd7 47. Be2 Ne6 48. Qc2 Rd8 49. Ra7 Rd6 50. Bc4 Kh8 51. Qb1 Nd8 52. Ra8 Qg7 53.
Ba2 Rd7 54. Rc8 Qe7 55. Qf5 Qd6 56. Bb1 Qe7 57. Rc7 Rxc7 58. bxc7 Qxc7 59. Qxf6+ Bg7 60. Qg6 Kg8 61. Qe8+ Bf8 62.
Bxe5 Qf7 63. Ba2 1-0

[Event "Chess.com Isle of Man Masters"]
[Site "Villa Marina, Douglas, Isle of Man, United Kingdom"]
[Date "2018.10.22"]
[Round "3.32"]
[White "Sethuraman, S.P."]
[Black "Tarjan, James"]
[Result "1-0"]
[TimeControl "40 moves in 100 minutes, f.b. 20 moves in 50 minutes f.b. 15 minutes with a 30 second increment from move 0"]
[WhiteElo "2673"]
[BlackElo "2404"]

1. e4 e5 2. Nf3 Nc6 3. Bc4 Nf6 4. d3 Be7 5. O-O O-O 6. Re1 d6 7. a4 Na5 8. Ba2 c5 9. Na3 Nc6 10.
c3 h6 11. Bd2 a6 12. h3 Rb8 13. Nc4 Be6 14. b4 cxb4 15. cxb4 b5 16. axb5 axb5 17. Na5 Nxa5 18. Bxe6 Nc6 19.
Ba2 d5 20. Qb3 dxe4 21. dxe4 Bd6 22. Bc3 Nh5 23. g3 Qf6 24. Kg2 Ra8 25. Bb1 Rxa1 26. Bxa1 Ra8 27. Bb2 Ra4 28. Qd3 Bf8 29. Qxb5 Rxb4 30. Qe2 Qg6 31. Kh2 Qf6 32. Rc1 Rb3 33. Rc3 Rxc3 34. Bxc3 g6 35.
Ba2 Bc5 36. Kg2 Ng7 37. Qd2 Nd4 38. Bxd4 Bxd4 39. Qxh6 Qa6 40. Bd5 Qf6 41. Qd2 Ne8 42. h4 Kg7 43. Nh2 Nc7 44. Ng4 Qd6 45. Qh6+ Kg8 46. Bb3 Qc6 47. h5 Qxe4+ 48. Kh2 Qxg4 49.
hxg6 1-0